 Dungeon Crawl Stone Soup version 0.30-a0-939-gc8157cb160 (webtiles) character file.

Game seed: 13613266192083785144

84004 gruber the Devastator (level 15, -5/86 HPs)
             Began as a Deep Elf Conjurer on Mar 25, 2023.
             Was a High Priest of Vehumet.
             Constricted to death by Jorgrun (19 damage)
             ... on level 13 of the Dungeon.
             The game lasted 01:06:57 (27066 turns).

gruber the Devastator (Deep Elf Conjurer)          Turns: 27066, Time: 01:06:58

Health: -5/86      AC:  7    Str:  4    XL:     15   Next: 34%
Magic:  16/38      EV: 14    Int: 35    God:    Vehumet [*****.]
Gold:   2008       SH:  0    Dex: 13    Spells: 20/49 levels left

rFire   . . .      SeeInvis +    C - +6 flail of the Cursing Soothsayer {protect, Drain Int+4}
rCold   . . .      Faith    .    (no shield)
rNeg    . . .      Spirit   .    D - +1 robe {Will+}
rPois   .          Reflect  .    f - +0 helmet
rElec   .          Rampage  .    M - scarf {repulsion}
rCorr   .                        w - +0 pair of gloves
Will    +++..                    P - +1 pair of boots {Fly}
Stlth   ++++                     h - amulet of the acrobat
HPRegen 0.34/turn                H - ring of see invisible
MPRegen 0.26/turn                e - ring of willpower

@: grasped by roots, flying, constricted, repel missiles
A: no striking features
a: Renounce Religion


You were on level 13 of the Dungeon.
You worshipped Vehumet.
Vehumet was extremely pleased with you.
You visited 3 branches of the dungeon, and saw 20 of its levels.
You also visited: Bailey and Ice Cave.

You collected 2288 gold pieces.
You spent 280 gold pieces at shops.

Inventory:

Hand Weapons
 C - the +6 flail of the Cursing Soothsayer (weapon) {protect, Drain Int+4}
   (You bought it in a shop on level 2 of the Orcish Mines)

   Int:       It affects your intelligence (+4).
   Drain:     It drains your maximum health when unequipped.
Missiles
 K - 9 throwing nets
Armour
 f - a +0 helmet (worn)
 w - a +0 pair of gloves (worn)
 D - a +1 robe of willpower (worn)
 M - a scarf of repulsion (worn)
 P - a +1 pair of boots of flying (worn)
Magical Staves
 k - the staff of fire "Toefea" {rF+ MP+9 SInv}
   (You found it on level 3 of the Lair of Beasts)

   [staff of fire]

   Base accuracy: +5 Base damage: 5 Base attack delay: 1.2 This weapon's minimum
   attack delay (0.6) is reached at skill level 12.
   rF:        It protects you from fire.
   MP:        It affects your magic capacity (+9).
   SInv:      It lets you see invisible.
   It falls into the 'Staves' category.
   It is a one-handed weapon.
Jewellery
 d - a ring of fire
 e - a ring of willpower (right hand)
 h - an amulet of the acrobat (around neck)
 y - a ring of fire
 H - a ring of see invisible (left hand)
 N - a ring of flight
Wands
 t - a wand of paralysis (20)
 E - a wand of acid (16)
 F - a wand of iceblast (15)
 R - a wand of polymorph (4)
 S - a wand of mindburst (12)
 U - a wand of flame (11)
Scrolls
 a - 4 scrolls of identify
 b - 9 scrolls of noise {unknown}
 c - 8 scrolls of teleportation {unknown}
 g - 4 scrolls of magic mapping {unknown}
 i - 4 scrolls of immolation
 j - a scroll of brand weapon {unknown}
 l - 10 scrolls of blinking {unknown}
 o - 3 scrolls of enchant armour {unknown}
 p - a scroll of torment {unknown}
 q - 2 scrolls of silence {unknown}
 v - 2 scrolls of amnesia {unknown}
 A - 3 scrolls of enchant weapon {unknown}
 G - 3 scrolls of fear {unknown}
 J - 2 scrolls of fog {unknown}
 T - a scroll of poison {unknown}
 V - a scroll of vulnerability {unknown}
Potions
 m - 4 potions of haste
 n - a potion of might
 r - 12 potions of curing
 s - a potion of berserk rage {unknown}
 u - 4 potions of ambrosia
 x - 2 potions of lignification
 z - 3 potions of heal wounds
 B - 2 potions of cancellation
 I - 5 potions of brilliance
 L - 6 potions of flight
 O - a potion of invisibility
 W - a potion of resistance


   Skills:
 - Level 7.4 Fighting
 - Level 12.1 Dodging
 - Level 9.0 Stealth
 * Level 17.7 Spellcasting
 - Level 19.0 Conjurations
 - Level 10.0 Fire Magic


You had 20 spell levels left.
You knew the following spells:

 Your Spells              Type           Power      Damage    Failure   Level
a - Magic Dart            Conj           100%       1d8       0%          1
b - Searing Ray           Conj           100%       2d8       0%          2
c - Iskenderun's Mystic   Conj/Tloc      78%        2d16      1%          4
d - Iskenderun's Battles  Conj           100%       2d15      0%          5
e - Orb of Destruction    Conj           52%        9d13      1%          7
f - Fireball              Conj/Fire      46%        3d18      1%          5
g - Freezing Cloud        Conj/Ice/Air   33%        6-21      1%          5

Your spell library contained the following spells:

 Spells                   Type           Power      Damage    Failure   Level
 Apportation              Tloc           60%        N/A       1%          1
 Necrotise                Necr           100%       1d9       1%          1
 Slow                     Hex            100%       N/A       1%          1
 Blink                    Tloc           60%        N/A       1%          2
 Cigotuvi's Dreadful Rot  Necr/Pois/Air  60%        N/A       1%          2
 Sublimation of Blood     Necr           30%        N/A       1%          2
 Dazzling Flash           Conj/Hex       100%       N/A       1%          3
 Frozen Ramparts          Ice            60%        1d10      1%          3
 Ignite Poison            Fire/Tmut/Pois 53%        N/A       1%          3
 Fulminant Prism          Conj/Hex       39%        3d17      1%          4
 Sticky Flame             Conj/Fire      93%        2d10      1%          4
 Arcjolt                  Conj/Air       39%        1d49      1%          5
 Irradiate                Conj/Tmut      39%        3d24      1%          5
 Conjure Ball Lightning   Conj/Air       39%        3x3d13    1%          6
 Confusing Touch          Hex            30%        N/A       3%          3
 Ozocubu's Armour         Ice            30%        N/A       3%          3
 Vampiric Draining        Necr           30%        2d8       3%          3
 Vhi's Electric Charge    Tloc/Air       60%        N/A       3%          3
 Animate Dead             Necr           30%        N/A       11%         4
 Dispel Undead            Necr           30%        3d14      11%         4
 Ice Form                 Ice/Tmut       30%        N/A       11%         4
 Manifold Assault         Tloc           30%        N/A       11%         4
 Petrify                  Tmut/Erth      30%        N/A       11%         4
 Summon Ice Beast         Ice/Summ       30%        N/A       11%         4
 Agony                    Necr           30%        N/A       30%         5
 Alistair's Intoxication  Tmut/Pois      20%        N/A       30%         5
 Borgnjor's Vile Clutch   Necr/Erth      15%        N/A       30%         5
 Ignition                 Fire           39%        3d12      30%         8
 Death Channel            Necr           15%        N/A       86%         6
 Ozocubu's Refrigeration  Ice            15%        4d10      90%         7
 Dragon Form              Tmut           15%        N/A       100%        7
 Storm Form               Tmut/Air       15%        N/A       100%        7
 Maxwell's Capacitive Co  Air            15%        ∞         100%        8


Dungeon Overview and Level Annotations

Branches:
Dungeon (13/15)            Temple (0/1) D:7            Lair (5/5) D:10
  Swamp (0/4) Lair:2       Spider (0/4) Lair:3        Slime (0/5) Lair:5
    Orc (2/2) D:12            Elf (0/3) Orc:2        Bailey (visited)
  IceCv (visited)
 Vaults: D:13-14

Altars:
Cheibriados
Fedhas
Nemelex Xobeh
Trog
Vehumet
Yredelemnul
Zin
Jiyva

Shops:
D:1 :?   D:9 :   Orc:2 ?(=*[

Annotations:
D:13 Jorgrun; Josephine
Lair:5 2 runed translucent doors
Orc:1 1 runed translucent door, Atixe's ghost, journeyman TrBe
Orc:2 1 runed translucent door, AppleFox63's ghost, journeyman HOFi


Message History

The wraith is knocked back by the mystic blast.
The mystic blast hits Jorgrun!
Jorgrun is heavily wounded.
Jorgrun is knocked back by the mystic blast.
Jorgrun collides with the wraith!
The wraith is severely damaged.
Jorgrun is severely wounded.
Unknown command.
Unknown command.
Unknown command.
Unknown command.
Casting: Iskenderun's Mystic Blast (safe; 1% risk of failure)
Confirm with . or Enter, or press ? or * to list all spells.
Aiming: Fireball (safe; 1% risk of failure)
Press: ? - help, Shift-Dir - straight line, f/p - Jorgrun
Aim: Jorgrun, wielding a staff of earth and wearing a +2 robe of fire resistance (severely wounded)
The fireball explodes!
The fireball engulfs Jorgrun!
Jorgrun resists.
Jorgrun is severely wounded.
The fireball engulfs the wraith!
The wraith is almost destroyed.
Jorgrun drinks a potion.
Jorgrun is healed!
The grasping roots constrict you.
* * * LOW HITPOINT WARNING * * *
Unknown command.
Unknown command.
Unknown command.
Unknown command.
Unknown command.
Unknown command.
Casting: Fireball (safe; 1% risk of failure)
Confirm with . or Enter, or press ? or * to list all spells.
Aiming: Fireball (safe; 1% risk of failure)
Press: ? - help, Shift-Dir - straight line, f/p - Jorgrun
Aim: Jorgrun, wielding a staff of earth and wearing a +2 robe of fire resistance (heavily wounded)
The fireball explodes!
The fireball engulfs Jorgrun!
Jorgrun resists.
Jorgrun is severely wounded.
The fireball engulfs the wraith!!
You destroy the wraith!
Vehumet accepts your kill.
You feel your power returning.
Jorgrun drinks a potion.
Jorgrun is healed!
The grasping roots constrict you!!
You die...

#.# ##.# ##..#
.......
##########..##
......W
#..........##
.......
#......)..##
.....
#........##
....###.....)..#
#.W.g..@......#
#..###=.......#
#.u..>........#
###############


You could see Jorgrun and a wraith.

Vanquished Creatures
  Kirke (D:12)
  An orc warlord (Orc:2)
  8 hydras
  Harold (Orc:1)
  Erolcha (Orc:1)
  A catoblepas (Lair:2)
  5 two-headed ogres
  2 death knights (D:13)
  A centaur warrior (D:13)
  Erica (D:11)
  Urug (Orc:1)
  6 death yaks
  A tengu warrior (D:13)
  3 orc high priests (Orc:2)
  Amaemon (Lair:1)
  Nergalle (Lair:2)
  2 skysharks
  A fire crab (Lair:3)
  A bog body (Lair:4)
  6 orc knights (Orc:2)
  A lindwurm (Lair:5)
  4 ugly things
  2 orc sorcerers (Orc:2)
  Maurice (D:11)
  A cyclops (Orc:2)
  6 elephants
  8 black mambas
  14 cane toads
  A guardian serpent (shapeshifter) (D:13)
  3 molten gargoyles (Lair:5)
  4 torpor snails
  Maggie (D:8)
  2 gargoyles
  An orange demon (Lair:1)
  6 rime drakes
  A freezing wraith (IceCv)
  15 komodo dragons
  2 kobold demonologists
  An ice devil (Lair:4)
  A meliai (D:12)
  2 hornets (D:5)
  4 trolls
  4 polar bears
  7 blink frogs
  2 dream sheep (Lair:5)
  6 slime creatures
  A vampire (D:11)
  A water elemental (D:11)
  82 yaks
  2 wyverns
  5 wraiths
  Grum (D:8)
  5 hogs (D:12)
  A fire elemental (D:13)
  3 steam dragons
  A death yak simulacrum (Lair:4)
  7 basilisks
  A harpy simulacrum (Lair:4)
  2 vampire mosquitoes (D:12)
  4 wargs
  Duvessa (D:6)
  21 water moccasins
  3 sky beasts (D:7)
  6 hell hounds
  31 orc warriors
  5 black bears
  10 centaurs
  15 ogres
  6 wolves
  2 phantoms (D:4)
  4 kobold brigands
  17 bullfrogs
  A gnoll sergeant (D:9)
  3 two-headed ogre simulacra (Lair:4)
  2 cane toad simulacra
  3 scorpions
  8 wights
  Dowan (D:6)
  An elephant simulacrum (IceCv)
  13 killer bees
  15 electric eels
  3 howler monkeys
  5 lava snakes (Lair:5)
  4 hounds
  2 jellies
  2 gnoll boudas (D:8)
  16 orc priests
  2 sleepcaps
  4 iguanas
  26 orc wizards
  2 polar bear simulacra
  A spriggan simulacrum (Lair:4)
  A wolf simulacrum (IceCv)
  15 gnolls
  A naga simulacrum (Lair:4)
  8 adders
  A shadow imp (D:8)
  13 white imps
  An ufetubus (D:5)
  9 worms
  A dart slug (D:1)
  60 orcs
  12 ball pythons
  5 endoplasms
  4 giant cockroaches
  14 goblins
  3 hobgoblins
  24 kobolds
  5 quokkas
  11 bats
  A frilled lizard (D:2)
  7 rats
692 creatures vanquished.

Vanquished Creatures (others)
  A bullfrog (D:7)
  A bush (Lair:2)
  75 fungi
  34 plants
111 creatures vanquished.

Grand Total: 803 creatures vanquished

Notes
Turn   | Place    | Note
-------+----------+-------------------------------------------
     0 | D:1      | gruber the Deep Elf Conjurer began the quest for the Orb.
     0 | D:1      | Reached XP level 1. HP: 10/10 MP: 6/6
   141 | D:1      | Found Sodghixy's Book Shoppe.
   260 | D:1      | Reached XP level 2. HP: 15/15 MP: 5/8
   263 | D:1      | Learned a level 2 spell: Searing Ray
   350 | D:1      | Reached skill level 5 in Conjurations
   895 | D:1      | Found The Oracle's Delphic Readings.
  1079 | D:2      | Reached XP level 3. HP: 2/19 MP: 0/9
  1584 | D:2      | Reached skill level 6 in Conjurations
  1960 | D:3      | Reached XP level 4. HP: 24/24 MP: 6/10
  2622 | D:3      | Found a basalt altar of Yredelemnul.
  2626 | D:3      | Found a radiant altar of Vehumet.
  2631 | D:3      | Found a sparkling altar of Nemelex Xobeh.
  2636 | D:3      | Became a worshipper of Vehumet
  3113 | D:4      | Noticed a phantom
  3157 | D:4      | Killed a phantom
  3158 | D:4      | Reached skill level 7 in Conjurations
  3158 | D:4      | Reached XP level 5. HP: 28/28 MP: 2/11
  3469 | D:4      | Noticed an ogre
  3475 | D:4      | Killed an ogre
  3476 | D:4      | Reached skill level 8 in Conjurations
  3476 | D:4      | Reached XP level 6. HP: 32/32 MP: 4/12
  3820 | D:4      | Reached skill level 9 in Conjurations
  3833 | D:4      | Paralysed by an orc priest for 5 turns
  3841 | D:4      | Paralysed by an orc priest for 4 turns
  3974 | D:4      | Paralysed by an orc priest for 4 turns
  4085 | D:4      | Reached XP level 7. HP: 22/36 MP: 6/14
  4092 | D:4      | Reached * piety under Vehumet
  4092 | D:4      | Offered knowledge of Foxfire by Vehumet.
  4546 | D:4      | Reached skill level 5 in Spellcasting
  4796 | D:4      | Learned a level 4 spell: Iskenderun's Mystic Blast
  4802 | D:4      | Learned a level 5 spell: Iskenderun's Battlesphere
  4820 | D:5      | Entered Level 5 of the Dungeon
  4897 | D:5      | Noticed a hornet
  5175 | D:5      | Noticed a hornet
  5330 | D:5      | Reached XP level 8. HP: 41/41 MP: 18/22
  5397 | D:5      | Killed a hornet
  5492 | D:5      | Reached skill level 10 in Spellcasting
  5809 | D:5      | Killed a hornet
  6016 | D:6      | Reached skill level 10 in Conjurations
  6206 | D:6      | Noticed Dowan
  6207 | D:6      | Noticed Duvessa
  6220 | D:6      | Killed Dowan
  6221 | D:6      | Killed Duvessa
  6318 | D:6      | Reached XP level 9. HP: 45/45 MP: 17/25
  6535 | D:6      | Reached skill level 11 in Conjurations
  7167 | D:7      | Reached skill level 12 in Conjurations
  7401 | D:7      | Reached ** piety under Vehumet
  7401 | D:7      | Offered knowledge of Poisonous Vapours by Vehumet.
  7736 | D:7      | You fall into a shaft and drop 2 floors!
  7757 | D:9      | Reached skill level 13 in Conjurations
  7961 | D:9      | Noticed a two-headed ogre
  7965 | D:9      | Killed a two-headed ogre
  7966 | D:9      | Reached skill level 14 in Conjurations
  7966 | D:9      | Reached XP level 10. HP: 50/50 MP: 16/26
  8130 | D:9      | Reached skill level 5 in Dodging
  8666 | D:8      | Offered knowledge of Ignite Poison by Vehumet.
  8810 | D:8      | Noticed a two-headed ogre
  8815 | D:8      | Killed a two-headed ogre
  8919 | D:8      | Noticed Maggie
  8920 | D:8      | Reached *** piety under Vehumet
  8948 | D:8      | Killed Maggie
  8949 | D:8      | Reached skill level 15 in Conjurations
  9337 | D:8      | Noticed Grum
  9339 | D:8      | Offered knowledge of Olgreb's Toxic Radiance by Vehumet.
  9341 | D:8      | Killed Grum
  9342 | D:8      | Reached XP level 11. HP: 54/54 MP: 13/28
  9740 | D:7      | Found a staircase to the Ecumenical Temple.
 10153 | D:9      | Found Legarchij's Book Shop.
 10350 | D:10     | Entered Level 10 of the Dungeon
 10350 | D:10     | Noticed a two-headed ogre
 10354 | D:10     | Killed a two-headed ogre
 10734 | D:10     | Reached **** piety under Vehumet
 10851 | D:10     | Found a snail-covered altar of Cheibriados.
 10851 | D:10     | Found a bloodstained altar of Trog.
 10903 | D:10     | Found a flagged portal.
 10912 | Bailey   | Entered a bailey
 10951 | Bailey   | Offered knowledge of Kindle Blastsparks by Vehumet.
 11671 | D:10     | Found a staircase to the Lair.
 12115 | D:10     | Reached skill level 16 in Conjurations
 12316 | D:10     | Reached ***** piety under Vehumet
 12321 | D:10     | Offered knowledge of Eringya's Noxious Bog by Vehumet.
 12382 | D:10     | Found a glowing silver altar of Zin.
 12556 | D:10     | Learned a level 7 spell: Orb of Destruction
 12950 | D:11     | Noticed Maurice
 12957 | D:11     | Killed Maurice
 12958 | D:11     | Reached skill level 1 in Fighting
 13103 | D:11     | Noticed Erica
 13112 | D:11     | Killed Erica
 13500 | D:11     | Noticed a red ugly thing
 13508 | D:11     | Killed a red ugly thing
 13509 | D:11     | Reached skill level 17 in Conjurations
 13509 | D:11     | Reached XP level 12. HP: 53/62 MP: 19/32
 13912 | Lair:1   | Entered Level 1 of the Lair of Beasts
 14111 | Lair:1   | You are sucked into a shaft and drop 1 floor!
 14122 | Lair:2   | Noticed a six-headed hydra
 14774 | Lair:1   | Reached skill level 5 in Fighting
 14806 | Lair:1   | Noticed Amaemon
 14816 | Lair:1   | Killed Amaemon
 15435 | Lair:2   | Killed a six-headed hydra
 15695 | Lair:2   | Found a staircase to the Swamp.
 15739 | Lair:2   | Noticed Nergalle
 15747 | Lair:2   | Killed Nergalle
 15749 | Lair:2   | Noticed a catoblepas
 15765 | Lair:2   | Killed a catoblepas
 16267 | Lair:2   | Reached skill level 5 in Stealth
 16289 | Lair:2   | Reached XP level 13. HP: 66/76 MP: 14/33
 16370 | Lair:2   | Identified the +9 sling of Conformity {antimagic, Will+}
 16831 | Lair:3   | Found a hole to the Spider Nest.
 17347 | Lair:3   | Reached skill level 15 in Spellcasting
 17714 | Lair:3   | Offered knowledge of Lee's Rapid Deconstruction by Vehumet.
 18336 | Lair:3   | Identified the staff of fire "Toefea" {rF+ MP+9 SInv}
 18717 | Lair:4   | Found a frozen archway.
 18733 | Lair:4   | Learned a level 5 spell: Fireball
 18736 | IceCv    | Entered an ice cave
 18839 | IceCv    | Found a transporter.
 18847 | IceCv    | Found a transporter.
 18940 | Lair:4   | Got Elag's Omnibus of the Switch
 19007 | Lair:4   | Reached skill level 1 in Fire Magic
 19075 | Lair:4   | Found a runed translucent door.
 19127 | Lair:4   | Found a blossoming altar of Fedhas.
 19719 | Lair:4   | Reached skill level 5 in Fire Magic
 19981 | Lair:5   | Entered Level 5 of the Lair of Beasts
 19989 | Lair:5   | Reached XP level 14. HP: 82/82 MP: 19/37
 20162 | Lair:5   | Found a staircase to the Slime Pits.
 20162 | Lair:5   | Found a viscous altar of Jiyva.
 20380 | Lair:5   | Offered knowledge of Yara's Violent Unravelling by Vehumet.
 20503 | Lair:5   | Identified the +0 plate armour of a wizard's laboratory
                  | {Int+4}
 21115 | Lair:5   | Reached skill level 10 in Fire Magic
 21795 | Lair:5   | Found a large runed translucent door.
 21795 | Lair:5   | Found a large runed translucent door.
 21969 | Lair:5   | Offered knowledge of Starburst by Vehumet.
 22739 | D:12     | Reached skill level 18 in Conjurations
 22827 | D:12     | Found a staircase to the Orcish Mines.
 23305 | D:12     | Noticed Kirke
 23630 | D:12     | Killed Kirke
 23753 | Orc:1    | Entered Level 1 of the Orcish Mines
 23915 | Orc:1    | Found a radiant altar of Vehumet.
 23994 | Orc:2    | Entered Level 2 of the Orcish Mines
 23994 | Orc:2    | Found Uzywoduo's Magic Scroll Shoppe.
 24051 | Orc:1    | Noticed Harold
 24051 | Orc:1    | Found a runed translucent door.
 24055 | Orc:1    | Killed Harold
 24175 | Orc:1    | Noticed Atixe's ghost (journeyman TrBe)
 24326 | Orc:1    | Noticed Urug
 24353 | Orc:1    | Killed Urug
 24354 | Orc:1    | Reached skill level 19 in Conjurations
 24504 | Orc:1    | Noticed Erolcha
 24509 | Orc:1    | Killed Erolcha
 24923 | Orc:2    | Found Geoloug's Jewellery Shoppe.
 24944 | Orc:2    | Noticed an orc warlord
 24952 | Orc:2    | Killed an orc warlord
 24953 | Orc:2    | Reached skill level 10 in Dodging
 24954 | Orc:2    | Reached XP level 15. HP: 86/86 MP: 11/38
 25225 | Orc:2    | Offered knowledge of Freezing Cloud by Vehumet.
 25232 | Orc:2    | Learned a level 5 spell: Freezing Cloud
 25683 | Orc:2    | Found Bokia's Antique Weapon Shop.
 25691 | Orc:2    | Bought a scorched flail for 280 gold pieces
 25691 | Orc:2    | Identified the +6 flail of the Cursing Soothsayer {protect,
                  | Drain Int+4} (You bought it in a shop on level 2 of the
                  | Orcish Mines)
 25729 | Orc:2    | Found Ocepn's Antique Armour Emporium.
 25922 | Orc:2    | Found a staircase to the Elven Halls.
 25930 | Orc:2    | Found Hiepteut's General Store.
 25982 | Orc:2    | Found a runed translucent door.
 25983 | Orc:2    | Noticed AppleFox63's ghost (journeyman HOFi)
 27053 | D:13     | Noticed Jorgrun
 27056 | D:13     | Noticed Josephine
 27066 | D:13     | Constricted to death by Jorgrun

Illustrated notes

Levels and vault maps discovered:
D:1:      matt_arrival_debris, layout_loops_ring, serial_shops, shop,
          nicolae_nh_oracle_at_delphi
D:2:      layout_basic
D:3:      layout_basic, grunt_temple_overflow_diamond, nicolae_wormholes
D:4:      layout_layer_cave, st_stairs_8
D:5:      layout_loops_ring
D:6:      layout_gridville, kennysheep_nub, uniq_duvessa
D:7:      layout_rooms, minmay_temple_entry_large_hall, minmay_quadrilaterals
D:8:      layout_basic, uniq_grum, uniq_maggie
D:9:      layout_basic, serial_shops, nicolae_shop_hallway_plus,
          chequers_hall_statues_corner_a, dk_vineyard_3
D:10:     layout_basic, gammafunk_temple_overflow_wave,
          nicolae_overflow_crystal_walls, grunt_lair_entry_orc_guard_hut,
          serial_rivers, chequers_serial_rivers_room_a,
          chequers_serial_rivers_room_a, chequers_serial_rivers_micro_b,
          chequers_serial_rivers_small_3, chequers_serial_rivers_large_a,
          enter_bailey_5, patterned_corridor
D:11:     hellmonk_ruined_rings, layout_basic, minmay_strange_pillars,
          uniq_maurice, uniq_erica
D:12:     layout_rooms, orc_0_dummy, hex_medium, eino_jars, uniq_kirke
D:13:     layout_basic, uniq_jorgrun, uniq_rupert, uniq_azrael, uniq_josephine
Lair:1:   layout_cave_pods, grunt_megastairs_3, infiniplex_staircase_pool_2,
          serial_bayou_shore_a, uniq_amaemon
Lair:2:   dreamdust_cave_troll, layout_hall_layers, swamp_mist,
          beast_lair_carwin_9, infiniplex_staircase_pool, grunt_megastairs_5,
          uniq_nergalle
Lair:3:   nzn_winding_woodlands_three_and_one
          [nzn_winding_woodlands_5x15_default,
          nzn_winding_woodlands_5x15_pockets, nzn_winding_woodlands_5x15_pool,
          nzn_winding_woodlands_center_lodge], layout_regular_city,
          spider_nest_entry_web_field, amcnicky_mini_pool_medium
Lair:4:   dreamdust_isle_of_ice, layout_loops_ring, portal_ice_cave_entry_imps,
          basic_altar, pf_torpor_hydra
Lair:5:   cheibrodos_lair_end_hotspot, layout_cave_pods, slime_entry_1,
          st_stairs_8, chequers_serial_rivers_small_b
Orc:1:    layout_caves, hellmonk_ghost_happy_afterlife, basic_altar,
          nicolae_orc_lost_temple, uniq_erolcha, uniq_harold, uniq_urug
Orc:2:    grunt_orc_gardens, layout_diamond_mine, grunt_orc_garden,
          grunt_orc_garden, grunt_orc_garden, grunt_orc_garden,
          ebering_ghost_inner_flame, serial_shops, nicolae_shop_hallway_stairs

Skill      XL: |  1  2  3  4  5  6  7  8  9 10 11 12 13 14 15 |
---------------+----------------------------------------------+-----
Conjurations   | 5 6 7 8 9 10 14 15 17 19 | 19.0
Spellcasting   | 8 10 11 14 17 | 17.7
Dodging        | 7 9 10 12 | 12.1
Fighting       | 2 7 |  7.4
Stealth        | 6 9 |  9.0
Fire Magic     | 6 10 | 10.0

Action                     |  1- 3 |  4- 6 |  7- 9 | 10-12 | 13-15 || total
---------------------------+-------+-------+-------+-------+-------++-------
  Melee: Staff             |       |     4 |       |     1 |    15 ||    20
         Punch             |       |       |       |       |     1 ||     1
   Cast: Magic Dart        |    82 |    55 |    81 |   169 |   310 ||   697
         Searing Ray       |       |    24 |    32 |    81 |    40 ||   177
         Iskenderun's Batt |       |       |    24 |    63 |    78 ||   165
         Iskenderun's Myst |       |       |     4 |    60 |    96 ||   160
         Orb of Destructio |       |       |       |     3 |     4 ||     7
         Fireball          |       |       |       |       |   153 ||   153
  Evoke: Wand              |       |       |       |     6 |       ||     6
    Use: Potion            |     1 |       |     1 |       |       ||     2
         Scroll            |       |       |       |       |    10 ||    10
 Armour: Robe              |     3 |       |     4 |    12 |     7 ||    26
  Dodge: Dodged            |    10 |    23 |    22 |   110 |   105 ||   270
         Repelled          |       |       |       |     1 |     3 ||     4

Table legend: (Time is in decaauts)
 A = Elapsed time spent in this place.
 B = Non-inter-level travel time spent in this place.
 C = Inter-level travel time spent in this place.
 D = Time resting spent in this place.
 E = Time spent auto-exploring this place.
 F = Levels seen in this place.
 G = Mean time per level.
                   A        B        C        D        E       F      G
               +--------+--------+--------+--------+--------+-----+--------+
         Total |  27082 |  26058 |   1024 |    306 |  22332 |  22 | 1231.0 |
       Dungeon |  15170 |  14520 |    650 |    296 |  12397 |  13 | 1166.9 |
          Lair |   8682 |   8386 |    296 |      0 |   7374 |   5 | 1736.4 |
  Orcish Mines |   2488 |   2411 |     77 |      0 |   2004 |   2 | 1244.0 |
        Bailey |    617 |    617 |      0 |     10 |    463 |   1 |  617.0 |
      Ice Cave |    123 |    123 |      0 |      0 |     94 |   1 |  123.0 |
               +--------+--------+--------+--------+--------+-----+--------+

Top non-repeatable levels by time:
  Lair:5: 2348 daAuts
  Lair:3: 1907 daAuts
  Lair:4: 1680 daAuts
    D:10: 1653 daAuts
     D:4: 1651 daAuts
   Orc:2: 1603 daAuts
    D:11: 1561 daAuts
  Lair:1: 1520 daAuts
     D:8: 1463 daAuts
     D:3: 1254 daAuts
  Lair:2: 1224 daAuts
     D:6: 1072 daAuts
     D:1: 1069 daAuts
    D:12: 1058 daAuts
     D:5: 1051 daAuts
